[Event "Titled Tuesday Blitz July 11 Early 2023"]
[White "Rottenwohrer Suarez, Juan"]
[Black "Schwabeneder, Florian"]
[WhiteFideId "32068182"]
[BlackFideId "1626191"]
[WhiteElo "2554"]
[BlackElo "2720"]
[Result "0-1"]
[Round "5"]
[TimeControl "180+2"]
[Date "2023.07.11"]
[WhiteClock "0:00:00"]
[BlackClock "0:00:18"]
[Board "46"]

1. Nf3 Nf6 2. g3 b6 3. Bg2 Bb7 4. O-O g6 5. b3 Bg7 6. Bb2 O-O 7. a4 a6 8. c4 c5 9. d4 cxd4 10. Qxd4 d6 11. Qh4 Nbd7 12. Nbd2 Rc8 13. h3 Rc5 14. g4 h6 15. Qg3 Qa8 16. b4 Rc7 17. a5 Qc8 18. Bd4 bxa5 19. Rxa5 e5 20. Ba1 Ne4 21. Nxe4 Bxe4 22. Nd2 Bxg2 23. Qxg2 Nb6 24. b5 axb5 25. cxb5 d5 26. Ra6 Qb7 27. Nb3 Nc4 28. Ra2 Qxb5 29. Nd2 Nxd2 30. Rxd2 d4 31. Rfd1 Rfc8 32. f3 Rc1 33. Qf1 Qb1 34. Kg2 Qxa1 0-1


[Site "https://www.chess.com"]

[Event "Titled Tuesday Blitz July 11 Early 2023"]
[White "Kumsiashvili, Nikoloz"]
[Black "Papayan, Oleg"]
[WhiteFideId "13600621"]
[BlackFideId "4193911"]
[WhiteElo "2717"]
[BlackElo "2549"]
[Result "1-0"]
[Round "5"]
[TimeControl "180+2"]
[Date "2023.07.11"]
[WhiteClock "0:00:14"]
[BlackClock "0:00:00"]
[Board "47"]

1. Nf3 c5 2. b3 Nc6 3. Bb2 d5 4. e3 f6 5. d4 Bg4 6. Be2 e6 7. O-O Bd6 8. c4 Nge7 9. Nc3 O-O 10. cxd5 exd5 11. dxc5 Bxc5 12. Nb5 Be6 13. Rc1 Bb6 14. Nbd4 Bf7 15. a3 Rc8 16. b4 Qd7 17. Nb3 Ng6 18. Nfd4 Nxd4 19. Bxd4 Rxc1 20. Qxc1 Bxd4 21. Nxd4 Rc8 22. Qd1 Qc7 23. Bg4 Re8 24. Qa4 a6 25. Qd1 Ne5 26. Bf5 Nc4 27. Qd3 g6 28. Bh3 Kg7 29. Rc1 Qe5 30. g3 Qe4 31. Bf1 Qxd3 32. Bxd3 Kf8 33. a4 Ke7 34. a5 Rc8 35. Ne2 Nd6 36. Rxc8 Nxc8 37. Nd4 Kd6 38. Kf1 Na7 39. Ke2 Nc6 40. Nxc6 Kxc6 41. Kd2 Be6 42. Kc3 Bc8 43. Kd4 Kd6 44. h4 Be6 45. h5 Bf7 46. h6 Be6 47. Bxg6 Kc6 48. Bxh7 Kb5 49. Bd3+ 1-0


[Site "https://www.chess.com"]

[Event "Titled Tuesday Blitz July 11 Early 2023"]
[White "Bykhovsky, Anatoly"]
[Black "Kuzmin, Roman"]
[WhiteFideId "2806991"]
[BlackFideId "44134932"]
[WhiteElo "2713"]
[BlackElo "2549"]
[Result "0-1"]
[Round "5"]
[TimeControl "180+2"]
[Date "2023.07.11"]
[WhiteClock "0:00:20"]
[BlackClock "0:00:38"]
[Board "48"]

1. d4 Nf6 2. Nf3 e6 3. c4 d5 4. Nc3 Nbd7 5. Bg5 c6 6. e3 Qa5 7. cxd5 exd5 8. Bd3 Ne4 9. O-O Nxg5 10. Nxg5 h6 11. Qh5 g6 12. Bxg6 Nf6 13. Nxf7 Nxh5 14. Nxh8+ Kd8 15. Bxh5 Be6 16. Nf7+ Kc7 17. a3 Bxf7 18. Bxf7 Kd7 19. b4 Qd8 20. Bh5 Bd6 21. g3 Qg5 22. Bf3 h5 23. h4 Qf5 24. Bg2 Rg8 25. b5 Qd3 26. Rfc1 Bxg3 27. bxc6+ bxc6 28. Ra2 Bd6 29. e4 Qf3 0-1


[Site "https://www.chess.com"]

[Event "Titled Tuesday Blitz July 11 Early 2023"]
[White "Frolyanov, Dmitry"]
[Black "Jaracz, Pawel"]
[WhiteFideId "4151976"]
[BlackFideId "1102222"]
[WhiteElo "2541"]
[BlackElo "2710"]
[Result "1-0"]
[Round "5"]
[TimeControl "180+2"]
[Date "2023.07.11"]
[WhiteClock "0:00:21"]
[BlackClock "0:00:05"]
[Board "49"]

1. d4 Nf6 2. c4 e6 3. Nf3 b6 4. a3 Ba6 5. e3 Be7 6. Bd3 d5 7. b3 O-O 8. O-O dxc4 9. bxc4 c5 10. Bb2 Nc6 11. Nbd2 Na5 12. Rc1 Rc8 13. Qe2 Bd6 14. Rfd1 Qe7 15. e4 Nh5 16. e5 Bb8 17. Qe4 g6 18. d5 Bb7 19. Bb1 Rcd8 20. d6 Qd7 21. Qe3 f5 22. exf6 Nxf6 23. Ne4 Bxe4 24. Bxe4 Bxd6 25. Bb1 Qe7 26. h3 Nc6 27. Ng5 e5 28. Ne4 Nd4 29. Nxf6+ Qxf6 30. Be4 h5 31. Rd2 Kh7 32. Rcd1 Be7 33. Bd5 Bd6 34. Be4 Rde8 35. Rd3 Qh4 36. Bc1 Rf7 37. Qh6+ Kg8 38. Qxg6+ Kf8 39. Bh6+ Ke7 40. Bg5+ 1-0


[Site "https://www.chess.com"]

[Event "Titled Tuesday Blitz July 11 Early 2023"]
[White "De La Villa Garcia, Jesus Maria"]
[Black "Akylbek2021"]
[WhiteFideId "2200040"]
[WhiteElo "2705"]
[BlackElo "2512"]
[Result "1-0"]
[Round "5"]
[TimeControl "180+2"]
[Date "2023.07.11"]
[WhiteClock "0:01:44"]
[BlackClock "0:00:02"]
[Board "50"]

1. e4 e6 2. d4 d5 3. Nd2 Nc6 4. Ngf3 Nf6 5. e5 Nd7 6. c3 f6 7. exf6 Qxf6 8. Bd3 Bd6 9. O-O O-O 10. Re1 Kh8 11. Nf1 e5 12. Bg5 Qf7 13. dxe5 Ndxe5 14. Be2 Bg4 15. Nxe5 Qxf2+ 16. Kh1 Nxe5 17. Bxg4 Qxb2 18. Be3 Nc4 19. Bd4 c5 20. Rb1 Qxa2 21. Bxg7+ Kxg7 22. Rxb7+ Kh8 23. Qd3 Rxf1+ 24. Rxf1 1-0


[Site "https://www.chess.com"]

[Event "Titled Tuesday Blitz July 11 Early 2023"]
[White "Garagulya, Konstantin"]
[Black "Matinian, Nikita"]
[WhiteFideId "4128931"]
[BlackFideId "24129100"]
[WhiteElo "2477"]
[BlackElo "2704"]
[Result "0-1"]
[Round "5"]
[TimeControl "180+2"]
[Date "2023.07.11"]
[WhiteClock "0:00:00"]
[BlackClock "0:00:23"]
[Board "51"]

1. d4 Nf6 2. Nf3 g6 3. Nc3 d5 4. Bf4 c6 5. e3 Bg7 6. Bd3 Bf5 7. O-O Bxd3 8. Qxd3 Nbd7 9. e4 dxe4 10. Nxe4 Nxe4 11. Qxe4 Nf6 12. Qe2 O-O 13. Rfe1 Re8 14. c3 a5 15. a4 Qb6 16. h3 Rad8 17. Ne5 e6 18. Bg5 h6 19. Bh4 g5 20. Bg3 c5 21. Nc4 Qa7 22. Bc7 Rd7 23. Bb6 Qa6 24. dxc5 Nd5 25. Nxa5 Qa8 26. Nc4 Nf4 27. Qf3 Bf8 28. a5 Rd5 29. b4 e5 30. Rad1 e4 31. Qe3 Nd3 32. Re2 f5 33. Red2 f4 34. Qe2 f3 35. Qe3 fxg2 36. Qg3 Qc8 37. Ne3 Rd7 38. Qg4 Ne5 39. Qxe4 Rxd2 40. Rxd2 Qxh3 41. Qxg2 Nf3+ 42. Kf1 Nxd2+ 43. Ke2 Qxg2 0-1


[Site "https://www.chess.com"]

[Event "Titled Tuesday Blitz July 11 Early 2023"]
[White "djokovic74"]
[Black "Rakitic2010"]
[WhiteElo "2704"]
[BlackElo "2428"]
[Result "1-0"]
[Round "5"]
[TimeControl "180+2"]
[Date "2023.07.11"]
[WhiteClock "0:00:39"]
[BlackClock "0:00:12"]
[Board "52"]

1. e4 c5 2. Nf3 e6 3. d4 cxd4 4. Nxd4 a6 5. c4 Nf6 6. Nc3 Qc7 7. Be2 Bb4 8. Nc2 Bxc3+ 9. bxc3 Nxe4 10. Qd4 Nf6 11. Bf4 Qa5 12. Bd6 Nc6 13. Qe3 Qf5 14. Bd3 Qh5 15. O-O Ne7 16. Nd4 e5 17. Qxe5 Qxe5 18. Bxe5 O-O 19. Bd6 Re8 20. Rfe1 Nc6 21. Nf5 Re6 22. c5 b6 23. Bc4 bxc5 24. Bxe6 fxe6 25. Ne3 Ne4 26. Bg3 d5 27. c4 d4 28. Ng4 Nc3 29. Ne5 Nb4 30. Rac1 Ncxa2 31. Rcd1 Nc3 32. Rd2 Bb7 33. f3 a5 34. Nd7 Rc8 35. Rxe6 a4 36. Re7 a3 37. Be5 a2 38. Rxg7+ Kh8 39. Rg3# 1-0


[Site "https://www.chess.com"]

[Event "Titled Tuesday Blitz July 11 Early 2023"]
[White "Andreassen, Lars"]
[Black "NikaVolkov"]
[WhiteFideId "1504878"]
[WhiteElo "2341"]
[BlackElo "2695"]
[Result "0-1"]
[Round "5"]
[TimeControl "180+2"]
[Date "2023.07.11"]
[WhiteClock "0:01:20"]
[BlackClock "0:02:15"]
[Board "53"]

1. d4 d5 2. Nf3 e6 3. c4 Nf6 4. Nc3 c6 5. Bg5 Be7 6. e3 O-O 7. Bd3 dxc4 8. Bxc4 b5 9. Bb3 Bb7 10. O-O Nbd7 11. e4 a5 12. e5 Nd5 13. Bxe7 Qxe7 14. Ne4 c5 15. Nd6 Bc6 16. dxc5 Nxc5 17. Rc1 Qa7 18. Qc2 Nxb3 19. axb3 Nb4 20. Qe2 Qb6 21. Nd4 Qxd4 22. Rfd1 Qb6 23. Rc3 Nd5 24. Rh3 Nf4 0-1


[Site "https://www.chess.com"]

[Event "Titled Tuesday Blitz July 11 Early 2023"]
[White "Shuvalova, Polina"]
[Black "Lopez Idarraga, Daniel Eduardo"]
[WhiteFideId "24171760"]
[BlackFideId "4405501"]
[WhiteElo "2692"]
[BlackElo "2340"]
[Result "1-0"]
[Round "5"]
[TimeControl "180+2"]
[Date "2023.07.11"]
[WhiteClock "0:00:08"]
[BlackClock "0:00:05"]
[Board "54"]

1. e4 c5 2. Nf3 Nc6 3. Bb5 g6 4. O-O Bg7 5. Bxc6 dxc6 6. d3 e5 7. Be3 Qe7 8. a3 Bg4 9. Nbd2 Nf6 10. h3 Bxf3 11. Nxf3 Nd7 12. b4 O-O 13. Rb1 b6 14. Bg5 f6 15. Bd2 Rfd8 16. Qe2 Nf8 17. bxc5 b5 18. Ba5 Rd7 19. a4 a6 20. axb5 axb5 21. Bb6 Ne6 22. Ra1 Re8 23. Qe3 Bf8 24. Nh2 Nxc5 25. Bxc5 Qxc5 26. Qxc5 Bxc5 27. Ra6 Rc8 28. g3 h5 29. Kg2 Kf7 30. f4 Ke6 31. Nf3 exf4 32. gxf4 Be3 33. Nh4 Bxf4 34. Rxf4 g5 35. Rf5 gxh4 36. Rxb5 Rg7+ 37. Kf2 Rg5 38. Rbb6 Rc5 39. c4 Kd6 40. Ke3 Rg8 41. Rb7 Rg3+ 42. Kd4 Rcg5 43. c5+ Rxc5 44. Raa7 Rd5+ 45. exd5 c5+ 46. Kc4 Rxh3 47. Rb6+ Ke5 48. Re6+ Kf5 49. Rf7 Rg3 50. Rfxf6+ Kg4 51. Re4+ Kh3 52. Rff4 Rg4 53. d6 Kg3 54. Rxg4+ hxg4 55. d7 h3 56. d8=Q h2 57. Qb8+ 1-0


[Site "https://www.chess.com"]

[Event "Titled Tuesday Blitz July 11 Early 2023"]
[White "Kev4444444444"]
[Black "Begmuratov, Alisher"]
[BlackFideId "14203367"]
[WhiteElo "2214"]
[BlackElo "2685"]
[Result "1-0"]
[Round "5"]
[TimeControl "180+2"]
[Date "2023.07.11"]
[WhiteClock "0:00:32"]
[BlackClock "0:00:00"]
[Board "55"]

1. c4 c5 2. Nc3 Nc6 3. g3 g6 4. Bg2 Bg7 5. a3 e5 6. b4 d6 7. bxc5 dxc5 8. Rb1 Nge7 9. e3 O-O 10. Nge2 Qd3 11. Qa4 Bg4 12. Rxb7 Rac8 13. Be4 Qd8 14. O-O Bh3 15. Rd1 Na5 16. Rxe7 Qxe7 17. Qxa5 Rb8 18. Nd5 Qg5 19. a4 Qh5 20. Nec3 Bg4 21. Re1 Bf3 22. Bxf3 Qxf3 23. Qxc5 e4 24. Qe7 Rfe8 25. Qc7 g5 26. Ba3 h5 27. Nb5 Rbc8 28. Qd7 h4 29. Qh3 Rxc4 30. Nd6 Rxa4 31. Nxe8 Rxa3 32. Nxg7 Kxg7 33. Qg2 Qf5 34. Nc3 Rxc3 35. dxc3 h3 36. Qf1 g4 37. Qe2 Qc8 38. Rc1 Kg6 39. c4 Kg5 40. Qd1 f5 41. c5 1-0


[Site "https://www.chess.com"]

[Event "Titled Tuesday Blitz July 11 Early 2023"]
[White "Onslow, Alfie"]
[Black "Vokhidov, Shamsiddin"]
[WhiteFideId "436976"]
[BlackFideId "14204223"]
[WhiteElo "2280"]
[BlackElo "2919"]
[Result "0-1"]
[Round "5"]
[TimeControl "180+2"]
[Date "2023.07.11"]
[WhiteClock "0:00:00"]
[BlackClock "0:01:52"]
[Board "56"]

1. e4 g6 2. d4 Bg7 3. Nf3 d6 4. Bc4 Nc6 5. O-O Nf6 6. Qe2 O-O 7. c3 e5 8. dxe5 dxe5 9. a4 Nh5 10. Bg5 Qe8 11. Na3 a6 12. Qd2 Bg4 13. Ne1 Na5 14. Ba2 Qxa4 15. Nd3 Qd7 16. Qe3 b6 17. b4 Nb7 18. Nc4 Be6 19. Ncxe5 Qe8 20. Bf4 Bxa2 21. Rxa2 Qe6 22. Re2 Rad8 23. h3 Rfe8 24. Bh2 Nd6 25. Rd1 Qb3 26. Red2 f6 27. Nc6 Nc4 0-1


[Site "https://www.chess.com"]

[Event "Titled Tuesday Blitz July 11 Early 2023"]
[White "AyMitecK"]
[Black "Dau Khuong Duy"]
[BlackFideId "12424722"]
[WhiteElo "2563"]
[BlackElo "2899"]
[Result "0-1"]
[Round "5"]
[TimeControl "180+2"]
[Date "2023.07.11"]
[WhiteClock "0:00:15"]
[BlackClock "0:00:18"]
[Board "57"]

1. e4 c5 2. Nf3 d6 3. Bb5+ Nd7 4. Ba4 Nf6 5. O-O e6 6. c4 Be7 7. Nc3 O-O 8. d4 cxd4 9. Nxd4 a6 10. Qe2 Qc7 11. f3 Ne5 12. Bb3 b6 13. Be3 Bb7 14. Rac1 Rac8 15. Na4 Nfd7 16. f4 Nc6 17. Nf3 Nc5 18. Nxc5 bxc5 19. Bc2 a5 20. Rcd1 Rcd8 21. Bb1 Bf6 22. b3 a4 23. Qf2 axb3 24. axb3 e5 25. Nh4 Bxh4 26. Qxh4 Nd4 27. Bxd4 cxd4 28. Rf3 f6 29. Rh3 g6 30. b4 Ra8 31. Bc2 Bc8 32. Rg3 Qg7 33. c5 dxc5 34. Bb3+ Kh8 35. bxc5 Ra3 36. Rc1 Ba6 37. h3 d3 38. Be6 Qe7 39. Bd5 d2 40. Rd1 Qxc5+ 41. Kh2 Rxg3 42. Qxg3 Qb4 43. Qf2 Qd6 44. f5 gxf5 45. Qxf5 Bc8 46. Qh5 f5 47. Rxd2 Qf6 48. Rf2 f4 49. Rc2 Qg7 50. Qf3 Re8 51. Rb2 Bd7 52. Rc2 Qe7 53. Rc7 Qd6 54. Qc3 Re7 55. Ra7 Kg7 56. Qc4 Qg6 57. Qc3 Qf6 58. Rc7 Be8 59. Rc6 Bxc6 60. Bxc6 Rc7 61. Qd3 Qxc6 62. Qd8 Rf7 63. Qg5+ Qg6 64. Qxe5+ Qf6 65. Qh5 f3 66. Qg4+ Kh8 67. gxf3 Qxf3 68. Qc8+ Kg7 69. Qc1 Qf2+ 70. Kh1 Qf1+ 71. Qxf1 Rxf1+ 72. Kg2 Rf7 73. Kg3 Kf6 74. Kg4 Ke5 75. Kg5 Kxe4 76. Kh6 Ke5 77. h4 Kf5 78. h5 Rf6+ 79. Kg7 Kg5 80. Kxh7 Rh6+ 81. Kg7 Rxh5 82. Kf7 Rh6 83. Kg7 Rf6 84. Kh7 Rf5 85. Kg7 Rf4 86. Kh7 Rf7+ 87. Kg8 Kg6 88. Kh8 Rf8# 0-1


[Site "https://www.chess.com"]

[Event "Titled Tuesday Blitz July 11 Early 2023"]
[White "Chen, Max"]
[Black "Llorente Zaro, Alfonso"]
[WhiteFideId "2622440"]
[BlackFideId "2254131"]
[WhiteElo "2538"]
[BlackElo "2794"]
[Result "0-1"]
[Round "5"]
[TimeControl "180+2"]
[Date "2023.07.11"]
[WhiteClock "0:00:36"]
[BlackClock "0:01:35"]
[Board "58"]

1. e4 c6 2. c4 e5 3. Nf3 d6 4. d4 Nd7 5. Nc3 Ngf6 6. Be2 Be7 7. O-O a6 8. h3 O-O 9. Be3 b5 10. b3 b4 11. Na4 Nxe4 12. a3 a5 13. Qc2 Nef6 14. dxe5 dxe5 15. Rfd1 Qc7 16. Nh4 g6 17. c5 Nd5 18. Nf3 Nxe3 19. fxe3 Nf6 20. Nb6 Rb8 21. axb4 axb4 22. Qc4 Be6 23. Qxb4 Nd5 24. Qe4 Nc3 25. Qxe5 Qxe5 26. Nxe5 Nxe2+ 27. Kf2 Nc3 28. Nxc6 Nxd1+ 29. Rxd1 Bxc5 30. Nxb8 Rxb8 31. Na4 Be7 0-1


[Site "https://www.chess.com"]

[Event "Titled Tuesday Blitz July 11 Early 2023"]
[White "Kosteniuk, Alexandra"]
[Black "robertoalejandro10"]
[WhiteFideId "4128125"]
[WhiteElo "2785"]
[BlackElo "2558"]
[Result "1-0"]
[Round "5"]
[TimeControl "180+2"]
[Date "2023.07.11"]
[WhiteClock "0:00:10"]
[BlackClock "0:00:01"]
[Board "59"]

1. e4 c5 2. c3 d5 3. exd5 Qxd5 4. d4 g6 5. Nf3 Bg7 6. Nbd2 cxd4 7. Bc4 Qd8 8. Nxd4 Nf6 9. O-O O-O 10. N2f3 b6 11. Qe2 Bb7 12. Ne5 Bd5 13. Rd1 e6 14. Bg5 h6 15. Bh4 g5 16. Bg3 Qe7 17. Bxd5 Nxd5 18. Nef3 Qb7 19. Nxe6 Re8 20. Rxd5 Qxd5 21. Nc7 Rxe2 22. Nxd5 Nc6 23. Rb1 Rd8 24. Ne3 f5 25. Kf1 Red2 26. Nxd2 Rxd2 27. Nxf5 Bf8 28. Ke1 Rd7 29. Rd1 Rxd1+ 30. Kxd1 Kf7 31. Kc2 Ke6 32. Ne3 Be7 33. Kd3 h5 34. h3 h4 35. Bh2 b5 36. Ke4 a5 37. Nf5 Bf6 38. Nd4+ Bxd4 39. cxd4 Nb4 40. a3 Nc2 41. f4 gxf4 42. Bxf4 b4 43. axb4 axb4 44. Bg5 b3 45. Bxh4 Na3 46. Be1 Nc4 47. Bc3 Nd6+ 48. Kd3 Nb5 49. Kc4 Nd6+ 50. Kxb3 Kd5 51. Kc2 Ne4 52. h4 Nf6 53. Kd3 Nh5 54. Bd2 Nf6 55. b4 Ne4 56. Be1 Nf6 57. b5 Kd6 58. b6 Kc6 59. Bd2 Nd7 60. Ba5 Nf6 61. b7 Nd5 62. Bd2 Kxb7 63. g4 Kc6 64. h5 Nf6 65. h6 Nxg4 66. h7 Nf2+ 67. Ke2 Ng4 68. h8=Q 1-0


[Site "https://www.chess.com"]

[Event "Titled Tuesday Blitz July 11 Early 2023"]
[White "Svane, Frederik"]
[Black "Sidletskyi, Ivan"]
[WhiteFideId "12923044"]
[BlackFideId "14156024"]
[WhiteElo "2784"]
[BlackElo "2535"]
[Result "1-0"]
[Round "5"]
[TimeControl "180+2"]
[Date "2023.07.11"]
[WhiteClock "0:00:42"]
[BlackClock "0:00:07"]
[Board "60"]

1. d4 Nf6 2. c4 e6 3. Nf3 d5 4. Nc3 c5 5. cxd5 cxd4 6. Qa4+ Bd7 7. Qxd4 exd5 8. Nxd5 Qa5+ 9. Nc3 Nc6 10. Qd1 Ne4 11. Bd2 Nxd2 12. Qxd2 O-O-O 13. e3 Bf5 14. Nd4 Nxd4 15. exd4 Bc5 16. Qf4 Bxd4 17. Rc1 Rhe8+ 18. Be2 g5 19. Qg3 Be5 20. Qxg5 Bd3 21. Qd2 Bf4 22. Ne4+ Kb8 23. Qxa5 Rxe4 24. Qxd8# 1-0


[Site "https://www.chess.com"]

[Event "Titled Tuesday Blitz July 11 Early 2023"]
[White "Hajiyev, Kanan"]
[Black "Hilary46"]
[WhiteFideId "13404148"]
[WhiteElo "2531"]
[BlackElo "2753"]
[Result "0-1"]
[Round "5"]
[TimeControl "180+2"]
[Date "2023.07.11"]
[WhiteClock "0:00:22"]
[BlackClock "0:01:15"]
[Board "61"]

1. d4 d5 2. c4 c6 3. cxd5 cxd5 4. Nc3 Nf6 5. Nf3 Nc6 6. Bg5 Ne4 7. Bf4 Bf5 8. Qb3 Nxc3 9. bxc3 Na5 10. Qb5+ Bd7 11. Qb2 e6 12. e3 Rc8 13. Nd2 Be7 14. Bd3 O-O 15. O-O b6 16. Rfc1 Bc6 17. Ba6 Bb7 18. Bxb7 Nxb7 19. c4 dxc4 20. Nxc4 Qd5 21. Ne5 f6 22. Nf3 Bd6 23. Bg3 Bxg3 24. hxg3 Nd6 25. a4 Rc4 26. Rxc4 Nxc4 27. Qb4 Nd6 28. Rc1 Rc8 29. Rxc8+ Nxc8 30. Qc3 Qd7 31. Qc4 Nd6 32. Qb4 Kf7 33. Nd2 Qc6 34. Qb1 Qxa4 35. Qxh7 Qd1+ 36. Nf1 a5 37. Qh5+ Qxh5 0-1


[Site "https://www.chess.com"]

[Event "Titled Tuesday Blitz July 11 Early 2023"]
[White "Nasuta, Grzegorz"]
[Black "Pham, Le Thao Nguyen"]
[WhiteFideId "1141686"]
[BlackFideId "12401226"]
[WhiteElo "2751"]
[BlackElo "2530"]
[Result "1-0"]
[Round "5"]
[TimeControl "180+2"]
[Date "2023.07.11"]
[WhiteClock "0:00:03"]
[BlackClock "0:00:04"]
[Board "62"]

1. e4 c5 2. Nf3 e6 3. d4 cxd4 4. Nxd4 a6 5. c4 Nf6 6. Nc3 Bb4 7. Qd3 Qc7 8. a3 Bxc3+ 9. Qxc3 Nxe4 10. Nb5 axb5 11. Qxg7 Rf8 12. Bh6 Qc5 13. f3 Nf2 14. b4 Qe7 15. Kxf2 bxc4 16. Qxf8+ Qxf8 17. Bxf8 Kxf8 18. Bxc4 d5 19. Bb5 Bd7 20. a4 Bc6 21. Rhc1 Kg7 22. Bf1 d4 23. b5 Bd5 24. a5 Nd7 25. Bc4 Nf6 26. Bxd5 Nxd5 27. Rc4 Nc3 28. b6 e5 29. Rc7 Rb8 30. Rd7 Kf6 31. Re1 Ke6 32. Rxd4 f6 33. Rc4 Nd5 34. Rd1 h5 35. g3 Rg8 36. Rc5 Ne7 37. Rc7 1-0


[Site "https://www.chess.com"]

[Event "Titled Tuesday Blitz July 11 Early 2023"]
[White "Dimitrov, Atanas"]
[Black "Fiorito, Francisco"]
[WhiteFideId "2901315"]
[BlackFideId "180165"]
[WhiteElo "2701"]
[BlackElo "2529"]
[Result "0-1"]
[Round "5"]
[TimeControl "180+2"]
[Date "2023.07.11"]
[WhiteClock "0:00:00"]
[BlackClock "0:00:04"]
[Board "63"]

1. e4 c5 2. Nc3 Nc6 3. Nf3 g6 4. d4 cxd4 5. Nxd4 Bg7 6. Nde2 Nf6 7. g3 O-O 8. Bg2 d6 9. O-O a6 10. a4 Rb8 11. h3 b5 12. axb5 axb5 13. Be3 b4 14. Nd5 Nxd5 15. exd5 Ne5 16. b3 Qc7 17. Qd2 Bxh3 18. Nd4 Bxg2 19. Kxg2 Rfc8 20. Ra6 Qb7 21. Ra5 Ra8 22. Rfa1 Rxa5 23. Rxa5 Rc5 24. Rxc5 dxc5 25. Nf3 Nd7 26. Qd3 Qc7 27. Qe4 Bf8 28. Bf4 Qd8 29. Qc4 Nb6 30. Qxc5 Nxd5 31. Be5 e6 32. Qc4 h5 33. Bb2 Bg7 34. Bxg7 Kxg7 35. Qd4+ Qf6 36. Qe4 Qc3 37. Nd4 Qc7 38. Nb5 Qc5 39. Nd4 Qe7 40. Nc6 Qd6 41. Ne5 Nf6 42. Qe3 Qd5+ 43. f3 Qd6 44. Nc4 Qe7 45. Qd2 Nd5 46. Qd4+ Qf6 47. Qd2 Qc3 48. Qe2 h4 49. Kh3 hxg3 50. Kxg3 Qf6 51. Qe4 Qg5+ 52. Kf2 Qf5 53. Qd4+ Qf6 54. Qc5 Qh4+ 55. Ke2 Qh2+ 56. Kd3 Qf4 57. Ke2 g5 58. Kf2 g4 59. Nd2 Qxd2+ 60. Kg3 gxf3 61. Qe7 Qh6 62. Qg5+ Qxg5+ 0-1


[Site "https://www.chess.com"]

[Event "Titled Tuesday Blitz July 11 Early 2023"]
[White "Amilal Munkhdalai"]
[Black "feuervogel1000000"]
[WhiteFideId "4903250"]
[WhiteElo "2697"]
[BlackElo "2524"]
[Result "1-0"]
[Round "5"]
[TimeControl "180+2"]
[Date "2023.07.11"]
[WhiteClock "0:00:04"]
[BlackClock "0:00:00"]
[Board "64"]

1. e4 c6 2. Nc3 d5 3. Nf3 Bg4 4. h3 Bxf3 5. Qxf3 e6 6. d3 Bc5 7. Bd2 Nf6 8. g4 d4 9. Ne2 a5 10. g5 Nfd7 11. h4 Qb6 12. Rb1 Na6 13. Bh3 Nb4 14. c3 dxc3 15. Bxc3 Bxf2+ 16. Kf1 Bc5 17. Bxg7 Rg8 18. Bc3 Nc2 19. Kg2 h6 20. Qh5 hxg5 21. Bxe6 gxh4+ 22. Kh3 O-O-O 23. Qxf7 Rgf8 24. Qh5 Kb8 25. Rbf1 Rxf1 26. Rxf1 Nf8 27. Bc4 Ne3 28. Rf7 Nxc4 29. dxc4 Rd3+ 30. Kxh4 Qd8+ 31. Bf6 Bf2+ 32. Kg4 Qc8+ 33. Qf5 Ne6 34. Be5+ Ka8 35. Qxf2 Qg8+ 36. Kh4 Rd1 37. Ng3 Qg6 38. Rf8+ Nxf8 39. Qxf8+ Ka7 40. Qc5+ Ka6 41. Bd4 Qh6+ 42. Kg4 Qe6+ 43. Kf3 Qf7+ 44. Ke2 Rxd4 45. Qxd4 Qe6 46. b3 Qg4+ 47. Kf2 Qf4+ 48. Kg2 Qc1 49. Qf2 Qc2 50. Qxc2 a4 51. bxa4 1-0


[Site "https://www.chess.com"]

[Event "Titled Tuesday Blitz July 11 Early 2023"]
[White "Nagare Kaivalya Sandip"]
[Black "Korelskiy, Egor"]
[WhiteFideId "25957929"]
[BlackFideId "34329064"]
[WhiteElo "2677"]
[BlackElo "2518"]
[Result "0-1"]
[Round "5"]
[TimeControl "180+2"]
[Date "2023.07.11"]
[WhiteClock "0:00:02"]
[BlackClock "0:00:49"]
[Board "65"]

1. e4 c5 2. Nf3 e6 3. d4 cxd4 4. Nxd4 a6 5. Bd3 Nf6 6. O-O Qc7 7. Qe2 d6 8. c4 Nbd7 9. Nc3 Be7 10. f4 O-O 11. f5 Ne5 12. fxe6 fxe6 13. Kh1 Bd7 14. Bg5 Rac8 15. Bc2 Qb6 16. Nb3 Nxc4 17. e5 Nxe5 18. Rad1 Bb5 19. Nxb5 Qxb5 20. Qxb5 axb5 21. Nd4 h6 22. Bh4 g5 23. Bg3 Nd5 24. Bb3 Rxf1+ 25. Rxf1 Nc4 26. Nxe6 Nde3 27. Re1 d5 28. Nd4 Bf6 29. Nxb5 Bxb2 30. Bf2 Kg7 31. h4 Ng4 32. Bg3 Be5 33. Bxe5+ Ngxe5 34. hxg5 hxg5 35. Kg1 Kf6 36. Rd1 Ne3 37. Re1 N5g4 38. Nd4 Ke5 39. Nf3+ Kf4 40. Nd4 Ke4 41. Nf3 d4 42. Nxg5+ Kf4 43. Ne6+ Ke5 44. Ng5 d3 45. Be6 d2 46. Nf3+ Kxe6 47. Nxd2 Rc2 48. Nf1 Rxg2+ 49. Kh1 Nf2# 0-1


[Site "https://www.chess.com"]

[Event "Titled Tuesday Blitz July 11 Early 2023"]
[White "Lavrik, Dmitry"]
[Black "slidingknight2775"]
[WhiteFideId "24113190"]
[WhiteElo "2674"]
[BlackElo "2520"]
[Result "1-0"]
[Round "5"]
[TimeControl "180+2"]
[Date "2023.07.11"]
[WhiteClock "0:00:40"]
[BlackClock "0:00:00"]
[Board "66"]

1. c4 e6 2. g3 d5 3. Bg2 Nf6 4. Nf3 dxc4 5. Qa4+ Nbd7 6. Qxc4 a6 7. Qc2 c5 8. Nc3 Rb8 9. d4 b5 10. Bf4 Rb6 11. dxc5 Bxc5 12. O-O Bb7 13. Rad1 O-O 14. e4 Qe7 15. e5 Nd5 16. Ng5 f5 17. Nxd5 Bxd5 18. Bxd5 exd5 19. Rxd5 h6 20. Rfd1 hxg5 21. Rxd7 Qe6 22. Qxc5 gxf4 23. Re7 Qg6 24. Rdd7 Re6 25. Qd5 1-0


[Site "https://www.chess.com"]

[Event "Titled Tuesday Blitz July 11 Early 2023"]
[White "Kvaloy, Aksel Bu"]
[Black "Shvedova, Alexandra"]
[WhiteFideId "1528815"]
[BlackFideId "54154782"]
[WhiteElo "2668"]
[BlackElo "2517"]
[Result "1-0"]
[Round "5"]
[TimeControl "180+2"]
[Date "2023.07.11"]
[WhiteClock "0:01:28"]
[BlackClock "0:00:11"]
[Board "67"]

1. e4 c5 2. Nf3 d6 3. d4 cxd4 4. Nxd4 Nf6 5. Nc3 a6 6. Bg5 e6 7. f4 Be7 8. Qf3 Qc7 9. O-O-O Nbd7 10. g4 h6 11. Bxf6 Bxf6 12. h4 b5 13. Bxb5 axb5 14. Ndxb5 Qb6 15. Nxd6+ Ke7 16. e5 Ra7 17. exf6+ gxf6 18. Rhe1 Bb7 19. Nxb7 Qxb7 20. Qd3 Rd8 21. Nd5+ Kf8 22. Nxf6 Rxa2 23. b3 Nxf6 24. Qxd8+ Kg7 25. Qd4 Qc6 26. Re2 Qa6 27. Rd3 Ra1+ 28. Kd2 Qa5+ 29. Qc3 Qa7 30. g5 1-0


[Site "https://www.chess.com"]